 Dungeon Crawl Stone Soup version 0.31-a0-239-g0a1456f148 (webtiles) character file.

Game seed: 2427883759886395249

243 qw the Shooter (level 6, -3/38 HPs)
             Began as a Gargoyle Hexslinger on July 11, 2023.
             Slain by a wraith (5 damage)
             ... in an ossuary.
             The game lasted 00:01:09 (2958 turns).

qw the Shooter (Gargoyle Hexslinger)                Turns: 2958, Time: 00:01:10

Health: -3/38      AC: 12    Str: 11    XL:     6   Next: 9%
Magic:  7/7        EV: 15    Int: 14    God:
Gold:   29         SH:  0    Dex: 14    Spells: 6/7 levels left

rFire   . . .        Y - +3 sling (heavy)
rCold   . . .        (no shield)
rNeg    + . .        i - +0 ring mail
rPois   inf          a - +0 helmet
rElec   +            (no cloak)
rCorr   .            d - +1 pair of gloves
SInv    .            (no boots)
Will    .....        (no amulet)
Stlth   +            b - +5 ring of evasion
HPRegen 0.26/turn    (no ring)
MPRegen 0.10/turn

%: no passive effects
@: slowed, very slow
A: sickness immunity, AC +4, negative energy resistance 1, electricity
resistance, torment resistance 1, petrification resistance
a: no special abilities


You were in an ossuary.
You visited 1 branch of the dungeon, and saw 4 of its levels.
You also visited: Ossuary.

You collected 65 gold pieces.
You spent 36 gold pieces at shops.


Innate Abilities, Weirdness & Mutations

You are immune to sickness and miasma.
Your stone body is resilient. (AC +4)
You are immune to poison.
You resist negative energy. (rN+)
You are resistant to electric shocks. (rElec)
You are resistant to unholy torment.
You are immune to petrification.


   Skills:
 - Level 3.7 Fighting
 + Level 5.0 Ranged Weapons
 - Level 1.0 Armour
 - Level 1.5 Dodging
 - Level 1.0 Spellcasting
 - Level 2.6 Hexes


You had 6 spell levels left.
You knew the following spells:

 Your Spells              Type           Power      Damage    Failure   Level
a - Slow                  Hex            32%        N/A       21%         1

Your spell library contained the following spells:

 Spells                   Type           Power      Damage    Failure   Level
 Inner Flame              Hex/Fire       4%         N/A       71%         3
 Portal Projectile        Hex/Tloc       8%         N/A       71%         3
 Cause Fear               Hex            4%         N/A       90%         4

Inventory:

Hand Weapons
 Y - a +3 heavy sling (weapon)
Armour
 a - a +0 helmet (worn)
 d - a +1 pair of gloves (worn)
 i - a +0 ring mail (worn)
Jewellery
 b - a +5 ring of evasion (left hand)
Potions
 f - a potion of degeneration {unknown}
 k - 3 potions of curing

Dungeon Overview and Level Annotations

Branches:
Dungeon (4/15)            Ossuary (1/1)
 Temple: D:4-7

Altars:
Xom

Shops:
D:3 !


Message History

The wraith hits you! The wraith drains your vigour!
You feel as though you will be slow longer.
The wraith closely misses you. The orc zombie barely misses you.
The wraith misses you.
The orc zombie hits you but does no damage.
You shoot a sling bullet.
The sling bullet completely misses the wraith.
The wraith hits you! The wraith drains your vigour!
You feel as though you will be slow longer.
The orc zombie misses you. The wraith completely misses you.
The orc zombie misses you. The wraith closely misses you.
You shoot a sling bullet.
The sling bullet barely misses the wraith.
The wraith misses you.
The orc zombie hits you but does no damage.
The wraith barely misses you.
The orc zombie hits you but does no damage.
The wraith hits you! The wraith drains your vigour!
You feel as though you will be slow longer.
You shoot a sling bullet. The sling bullet hits the wraith.
The wraith is heavily damaged.
The orc zombie closely misses you. The wraith misses you.
The orc zombie closely misses you. The wraith closely misses you.
The orc zombie closely misses you. The wraith hits you but does no damage.
You shoot a sling bullet.
The sling bullet barely misses the wraith.
The wraith misses you.
The orc zombie hits you but does no damage.
The wraith closely misses you. The orc zombie misses you.
You shoot a sling bullet.
The sling bullet barely misses the wraith.
The wraith closely misses you. The orc zombie barely misses you.
The wraith hits you! The wraith drains your vigour!
You feel as though you will be slow longer.
The orc zombie misses you. The wraith barely misses you.
You shoot a sling bullet.
The sling bullet hits the wraith but does no damage.
The wraith is moderately damaged.
The wraith hits you.
You die...

.8... #...8
.....#+#....
....#.#... ........
##.....## ##
+...8...+ ..+
##.####.....####.##
.........Z.........
........#@#........
##......#W#......##
+...8...#?#...8...+
##......###......##
...................
...................
#..#.#..#.#..#.#..#
#..#+#..#+#..# #..#
#..# .#


You could see a wraith and an orc zombie.

Vanquished Creatures
  A scorpion (D:4)
  4 gnolls (D:3)
  6 adders
  2 worms (D:3)
  3 dart slugs
  An orc (D:3)
  6 ball pythons
  2 endoplasms (D:3)
  6 giant cockroaches
  7 goblins
  8 hobgoblins
  4 jackals
  4 kobolds
  5 quokkas
  5 bats
  6 frilled lizards
  2 goblin zombies (Ossuary)
  3 hobgoblin zombies (Ossuary)
  2 kobold zombies (Ossuary)
  8 rats
85 creatures vanquished.

Notes
Turn   | Place    | Note
-------+----------+-------------------------------------------
     0 | D:1      | qw the Gargoyle Hexslinger began the quest for the Orb.
     0 | D:1      | Reached XP level 1. HP: 12/12 MP: 2/2
     0 | D:1      | 0 ||| qw: Version: 0.3-a-52-g30416fa
     0 | D:1      | 0 ||| qw: Game counter: 5894
     0 | D:1      | 0 ||| qw: Melee chars always use a shield: true
     0 | D:1      | 0 ||| qw: God list: Okawaru
     0 | D:1      | 0 ||| qw: Allow faded altars: false
     0 | D:1      | 0 ||| qw: Do Orc after clearing Dungeon:15 true
     0 | D:1      | 0 ||| qw: Do second Lair branch before Depths: true
     0 | D:1      | 0 ||| qw: Lair rune preference: random
     0 | D:1      | 0 ||| qw: Goals: Normal
     0 | D:1      | 0 ||| PLANNING D:1-11
   239 | D:1      | Reached XP level 2. HP: 16/16 MP: 3/3
   314 | D:1      | Reached skill level 3 in Ranged Weapons
   464 | D:1      | Reached XP level 3. HP: 21/21 MP: 4/4
   734 | D:1      | 734 ||| UPGRADING to +0 ring mail.
   744 | D:1      | 744 ||| DROPPING +0 robe.
   745 | D:1      | 745 ||| READING scroll labelled YLUM YSIWIE.
   746 | D:1      | 746 ||| READING scroll labelled FEIHEAGGOFINT.
   747 | D:1      | 747 ||| READING 2 scrolls labelled CUETECH KUPLO.
   748 | D:1      | 748 ||| READING scroll labelled PIANEB JAKUTZ.
   749 | D:1      | 749 ||| READING scroll labelled OJAOXI NUWN.
   750 | D:1      | 750 ||| DROPPING scroll of poison.
   751 | D:1      | 751 ||| DROPPING scroll of vulnerability.
   909 | D:2      | 909 ||| READING scroll of enchant weapon.
   909 | D:2      | 909 ||| ENCHANTING +2 sling.
   925 | D:2      | Found a shimmering altar of Xom.
  1095 | D:2      | 1095 ||| Stepping ~*~*~tactically~*~*~ (outnumbered).
  1543 | D:2      | 1543 ||| READING scroll labelled UROILI BOCI.
  1544 | D:2      | 1544 ||| READING scroll labelled AJOESU NUTZAO.
  1545 | D:2      | 1545 ||| DRINKING 3 ruby potions.
  1698 | D:3      | Reached XP level 4. HP: 26/26 MP: 5/5
  1797 | D:3      | Reached skill level 4 in Ranged Weapons
  1928 | D:3      | Reached skill level 1 in Armour
  2097 | D:3      | Reached XP level 5. HP: 15/30 MP: 6/6
  2099 | D:3      | HP: 5/30 [gnoll/+0 spear (6)]
  2303 | D:3      | Reached skill level 5 in Ranged Weapons
  2320 | D:3      | 2320 ||| UPGRADING to +0 helmet.
  2445 | D:3      | Found Lihu's Distillery.
  2453 | D:3      | 2453 ||| SHOPLISTING potion of cancellation (96 gold, have
                  | 57).
  2453 | D:3      | 2453 ||| BUYING potion of curing (36 gold).
  2453 | D:3      | Bought a potion of curing for 36 gold pieces
  2453 | D:3      | 2453 ||| SHOPLISTING potion of curing (36 gold, have 21).
  2453 | D:3      | 2453 ||| SHOPLISTING potion of haste (120 gold, have 21).
  2453 | D:3      | 2453 ||| SHOPLISTING potion of might (48 gold, have 21).
  2664 | D:3      | 2664 ||| UPGRADING to +0 pair of gloves.
  2675 | D:3      | 2675 ||| READING scroll labelled ISYSON MAIXOZ.
  2679 | D:3      | 2679 ||| READING scroll labelled NAOGGO AJUACKAIR.
  2739 | D:4      | 2739 ||| PLANNING OSSUARY
  2741 | D:4      | 2741 ||| STAIRDANCE
  2767 | D:4      | Reached skill level 3 in Fighting
  2767 | D:4      | Reached XP level 6. HP: 38/38 MP: 7/7
  2852 | D:4      | 2852 ||| READING scroll of enchant armour.
  2852 | D:4      | 2852 ||| ENCHANTING +0 pair of gloves.
  2888 | D:4      | Found a sand-covered staircase.
  2889 | D:4      | 2889 ||| UPGRADING to +5 ring of evasion.
  2898 | Ossuary  | Entered an ossuary
  2898 | Ossuary  | Noticed a wraith
  2898 | Ossuary  | Noticed a wraith
  2898 | Ossuary  | Noticed a wraith
  2940 | Ossuary  | Noticed a wraith
  2950 | Ossuary  | HP: 8/38 [wraith (2)]
  2951 | Ossuary  | 2951 ||| DRINKING potion of heal wounds.
  2957 | Ossuary  | HP: 1/38 [wraith (7)]
  2958 | Ossuary  | Slain by a wraith

Levels and vault maps discovered:
D:1:      dpeg_cavernosity, layout_rooms, serial_curves, eino_curves_02,
          eino_curves_03, serial_bayou_ford_a, nicolae_figureground_sparkle
D:2:      layout_loops_ring, basic_altar, kennysheep_nub, minivault_19,
          kennysheep_generic_room_5
D:3:      layout_basic, serial_shops, shop, minmay_surrounded
D:4:      layout_gridville, mainiacjoe_overflow_chevrons,
          mainiacjoe_overflow_surrounded_room, nicolae_ossuary_entry_ruins
Ossuary:  ossuary_kennysheep_city_of_the_dead

Skill      XL: |  1  2  3  4  5 |
---------------+----------------+-----
Ranged Weapons | 3 4 5 |  5.0
Fighting       | 2 3 |  3.7
Armour         | 1 |  1.0
Dodging        | |  1.5
Spellcasting   | |  1.0
Hexes          | |  2.6

Action                     |  1- 3 |  4- 6 || total
---------------------------+-------+-------++-------
   Fire: Sling             |   110 |   179 ||   289
    Use: Scroll            |     8 |     3 ||    11
         Potion            |     1 |     1 ||     2
 Armour: Robe              |    11 |       ||    11
         Ring mail         |    10 |    87 ||    97
  Dodge: Dodged            |    40 |   124 ||   164

Table legend:
 A = Non-vault XP
 B = Vault XP
 C = Vault XP percentage of total XP
 D = Non-vault monster count
 E = Vault monster count
 F = Vault count percentage of total count
                 A         B        C        D         E       F
            +---------+---------+-------+---------+---------+-------
      Total |     305 |      43 |  12.4 |      67 |      18 |  21.2
            +---------+---------+-------+---------+---------+-------
        D:1 |      36 |       8 |  18.2 |      23 |       4 |  14.8
        D:2 |      29 |       4 |  12.1 |      10 |       3 |  23.1
        D:3 |     137 |      24 |  14.9 |      27 |       4 |  12.9
        D:4 |     103 |       0 |   0.0 |       7 |       0 |   0.0
    Ossuary |       0 |       7 | 100.0 |       0 |       7 | 100.0
            +---------+---------+-------+---------+---------+-------
